AoeStats
← jeffhou47

Nomad

505867503Analyzed
4v4 RM · 21d ago on Sep 11, 2026· 108m 52s· 8 players
Game mode
Random Map
Map size
231×231
Population
200
Speed
Normal
Resources
Standard
Victory
Conquest
Starting age
Dark Age
Ending age
Imperial Age
RankedLock teamsTeams togetherTeam positionsShared explorationLock speedFull tech treeHidden civsTurbo modeCheats
Victory
Defeat
🇪🇸 Vietnamese · Spain
932
+15
🇹🇷 Huns · Türkiye
923
+15
🇫🇷 Teutons · France
905
+16
🇮🇹 Japanese · Italy
865
+18
🇭🇰 Spanish · Hong Kong SAR China
926
-17
🇹🇼 Chinese · Taiwan
914
-16
🇨🇳 Huns · China
896
-16
🇭🇰 Japanese · Hong Kong SAR China
892
-15
他爸他ma
11:06 Loom
15:12 Feudal Age
15:56 Horse Collar
16:42 Fishing Lines
18:10 Double-Bit Axe
21:47 Castle Age
23:03 Bow Saw
23:59 Heavy Plow
24:29 Gold Mining
25:55 Gillnets
27:50 Wheelbarrow
27:43 Padded Archer Armor
30:53 Hand Cart
31:48 Gold Shaft Mining
31:05 Stone Mining
31:29 Fletching
32:05 Thumb Ring
33:14 Bodkin Arrow
33:13 Elite Skirmisher
36:43 Leather Archer Armor
39:43 Husbandry
39:53 Bloodlines
40:17 Marauders
40:07 Pikeman
44:46 Imperial Age
42:40 Ballistics
43:07 Forging
45:53 Capped Ram
47:09 Conscription
51:08 Parthian Tactics
51:43 Bracer
52:46 Chemistry
52:02 Light Cavalry
55:22 Halberdier
56:04 Squires
57:08 Hussar
68:47 Elite Tarkan
71:33 Iron Casting
71:04 Scale Barding Armor
74:24 Blast Furnace
73:45 Chain Barding Armor
77:47 Plate Barding Armor
84:22 Medium Warships
85:52 Demolition Ship
brain888hk
9:23 Loom
13:31 Feudal Age
16:02 Double-Bit Axe
15:59 Horse Collar
16:11 Gold Mining
18:12 Wheelbarrow
22:20 Castle Age
21:53 Stone Mining
27:52 Bloodlines
27:42 Husbandry
27:45 Padded Archer Armor
33:57 Elite Skirmisher
39:46 Hand Cart
39:16 Town Watch
44:28 Imperial Age
46:34 Chemistry
46:26 Conscription
50:37 Conscription
50:03 Elite Conquistador
50:58 Elite Cannon Galleon
56:01 Ballistics
55:54 Clinker Construction
56:07 Shipwright
63:13 Carvel Hull
63:09 Masonry
65:53 Supremacy
67:18 Squires
79:28 Town Patrol
79:55 Pikeman
80:20 Gambesons
80:20 Arson
foreveralone
17:49 Feudal Age
25:24 Castle Age
23:54 Stone Mining
27:06 Wheelbarrow
27:16 Gold Mining
29:32 Padded Archer Armor
29:23 Fletching
29:16 Elite Skirmisher
32:59 Hand Cart
32:41 Double-Bit Axe
33:47 Horse Collar
34:06 Bodkin Arrow
34:27 Leather Archer Armor
40:20 Forging
43:09 Imperial Age
41:27 Gold Shaft Mining
43:00 Ballistics
43:08 Bow Saw
43:26 Heavy Cavalry Archer
45:05 Parthian Tactics
44:56 Thumb Ring
45:17 Bracer
46:20 Ring Archer Armor
48:21 Chemistry
50:57 Conscription
53:55 Forging
53:51 Scale Barding Armor
56:36 Iron Casting
56:22 Chain Barding Armor
60:42 Blast Furnace
67:30 Scale Mail Armor
67:41 Pikeman
68:56 Elite Samurai
69:58 Chain Mail Armor
70:12 Squires
69:34 Halberdier
71:26 Plate Mail Armor
jeffhou47
16:22 Feudal Age
19:04 Gold Mining
19:01 Double-Bit Axe
26:01 Castle Age
25:13 Padded Archer Armor
25:04 Fletching
25:34 Horse Collar
26:37 Scale Mail Armor
26:54 Bow Saw
26:33 Crossbowman
26:37 Pikeman
28:48 Elite Skirmisher
29:52 Fishing Lines
32:08 Leather Archer Armor
31:48 Bodkin Arrow
34:08 Fortified Wall
33:54 Murder Holes
37:58 Imperial Age
37:53 Gillnets
38:14 Arbalester
39:00 Thumb Ring
38:32 Halberdier
41:25 Stone Mining
42:11 Gold Shaft Mining
43:12 Two-Man Saw
44:51 Chemistry
44:11 Ballistics
47:07 Ring Archer Armor
46:37 Bracer
46:53 Chain Mail Armor
52:17 Medium Warships
khan061
16:05 Feudal Age
14:21 Loom
21:46 Fletching
23:08 Stone Mining
23:46 Double-Bit Axe
23:55 Fishing Lines
26:51 Wheelbarrow
29:19 Castle Age
27:41 Gold Mining
30:58 Stone Shaft Mining
30:35 Bow Saw
32:03 Gillnets
33:33 Fortified Wall
34:04 Caravan
34:51 Ballistics
34:29 Murder Holes
35:34 Hand Cart
35:34 Town Watch
35:52 Treadmill Crane
36:23 Chatras
40:27 Imperial Age
38:55 Town Patrol
40:41 Forging
40:36 Scale Barding Armor
40:27 Bodkin Arrow
40:32 Padded Archer Armor
40:38 Elite Battle Elephant
42:27 Iron Casting
42:55 Bloodlines
42:47 Husbandry
45:07 Paper Money
45:22 Chatras
46:41 Chemistry
50:04 Leather Archer Armor
49:50 Bracer
49:58 Bracer
50:04 Elite Rattan Archer
50:13 Elite Rattan Archer
58:53 Chain Barding Armor
62:49 Light Cavalry
63:49 Elite Cannon Galleon
65:33 Medium Warships
67:23 Heavy Warships
76:11 Horse Collar
77:01 Caravan
81:28 Thumb Ring
84:13 Heavy Plow
Rislo69
15:15 Feudal Age
15:51 Double-Bit Axe
24:00 Castle Age
23:42 Stone Mining
23:45 Gold Mining
29:25 Town Watch
43:39 Imperial Age
42:41 Bloodlines
43:50 Cavalier
53:11 Forging
53:07 Scale Barding Armor
60:23 Wheelbarrow
59:34 Loom
61:02 Caravan
68:18 Hand Cart
70:45 Paladin
73:46 Iron Casting
74:13 Conscription
95:06 Chain Barding Armor
94:50 Scale Mail Armor
101:03 Plate Barding Armor
107:42 Medium Warships
106:52 Demolition Ship
109:04 Heavy Warships
107:59 Heavy Demolition Ship
109:47 Chemistry
Velox_M_B
7:23 Loom
18:56 Feudal Age
19:36 Double-Bit Axe
19:35 Fishing Lines
21:17 Wheelbarrow
21:26 Gold Mining
25:44 Arson
29:08 Castle Age
27:40 Stone Mining
27:57 Man-at-Arms
30:18 Forging
30:16 Squires
30:09 Gillnets
30:08 Town Watch
29:59 Long Swordsman
31:25 Bow Saw
33:23 Gambesons
35:00 Treadmill Crane
35:16 Murder Holes
35:31 Pikeman
37:33 Hand Cart
42:17 Imperial Age
40:41 Fletching
41:19 Thumb Ring
42:21 Fortified Wall
42:18 Scale Mail Armor
42:18 Padded Archer Armor
43:25 Medium Warships
43:54 Elite Skirmisher
44:18 Capped Ram
46:21 Conscription
47:17 Ballistics
51:20 Elite Samurai
52:23 Kataparuto
54:50 Siege Engineers
54:43 Halberdier
56:54 Two-Man Saw
57:30 Iron Casting
56:50 Bodkin Arrow
59:00 Kataparuto
64:25 Hoardings
67:03 Imperial Skirmisher
69:16 Heavy Warships
75:13 Bracer
75:28 Leather Archer Armor
75:13 Bracer
78:31 Caravan
90:59 Yasama
95:51 Heavy Warships
97:01 Ring Archer Armor
97:33 Blast Furnace
96:49 Chain Mail Armor
99:17 Chemistry
98:30 Clinker Construction
98:32 Careening
100:41 Shipwright
101:45 Elite Cannon Galleon
102:42 Husbandry
103:54 Carvel Hull
104:50 Bloodlines
104:02 Light Cavalry
ChuckMawHinneyS
4:44 Loom
13:39 Feudal Age
14:21 Double-Bit Axe
20:27 Castle Age
19:13 Fletching
19:23 Padded Archer Armor
19:17 Gold Mining
21:02 Bodkin Arrow
21:43 Husbandry
21:55 Bow Saw
21:39 Horse Collar
23:39 Bloodlines
26:21 Wheelbarrow
27:31 Ballistics
27:48 Leather Archer Armor
27:30 Town Watch
27:59 Stone Mining
30:29 Thumb Ring
32:34 Gold Shaft Mining
36:05 Imperial Age
34:55 Scale Barding Armor
35:00 Forging
36:54 Bracer
38:05 Chemistry
37:37 Parthian Tactics
38:10 Iron Casting
37:57 Chain Barding Armor
38:02 Hand Cart
38:23 Conscription
39:09 Hand Cart
40:03 Marauders
43:21 Iron Casting
43:07 Heavy Cavalry Archer
48:47 Light Cavalry
54:08 Blast Furnace
53:43 Plate Barding Armor
53:45 Heavy Plow
54:48 Hussar
58:22 Elite Skirmisher
59:29 Imperial Skirmisher
60:54 Scale Mail Armor
61:20 Masonry
62:19 Atheism
64:40 Blast Furnace
64:51 Town Patrol
73:04 Chain Mail Armor
74:59 Capped Ram
76:15 Siege Ram
80:12 Squires
80:05 Pikeman
80:31 Arson
86:57 Halberdier
96:52 Caravan
106:30 Demolition Ship
107:21 Medium Warships
108:42 Clinker Construction
108:51 Careening
108:48 Murder Holes
108:37 Heavy Demolition Ship
Connection lost

Rejoining the realm…

Still unreachable

The connection could not be restored.

Session expired

The server has moved on; the page needs a fresh start.